 Dungeon Sprint DCSS version 0.21.1-1-g345015f (webtiles) character file.

14900000 doot the Conqueror (level 27, -98/273 HPs)
             Began as a Ghoul Warper on May 1, 2018.
             Was the Champion of Makhleb.
             Annihilated by a fleshlord
             ... wielding a +9 great mace
              (371 damage)
             ... in the Dungeon (Sprint VIII: "Arena of Blood").
             The game lasted 00:05:46 (149 turns).

doot the Conqueror (Ghoul Warper)                    Turns: 149, Time: 00:05:47

Health: -98/273    AC:  6    Str: 19    XL:     27
Magic:  42/53      EV: 32    Int:  8    God:    Makhleb [******]
Gold:   0          SH:  0    Dex: 17    Spells: 80/80 levels left

rFire    . . .     SeeInvis .   k - +∞ Axe of Woe
rCold    + . .     Gourm    .   (shield currently unavailable)
rNeg     + + +     Faith    .   a - +0 leather armour
rPois    ∞         Spirit   .   (no helmet)
rElec    .         Reflect  .   (no cloak)
rCorr    .         Harm     .   (no gloves)
MR       ++...     NoTele   +   (no boots)
Stlth    +++++++++.             (no amulet)
HPRegen  0.00/turn              (no ring)
MPRegen  0.33/turn              (no ring)

@: rotting, hasted and slowed
A: rotting body, claws 1, carnivore, cold resistance 1, negative energy
resistance 3, inhibited regeneration, torment resistance, unbreathing
a: Minor Destruction, Lesser Servant of Makhleb, Major Destruction, Greater
Servant of Makhleb, Renounce Religion


You were in the Dungeon.
You worshipped Makhleb.
Makhleb was exalted by your worship.
You were not hungry.

You visited 1 branch

Inventory:

Hand Weapons
 k - the +∞ Axe of Woe (weapon)
   (You found it in the Dungeon)
Missiles
 d - 5 tomahawks of dispersal (quivered)
Armour
 a - a +0 leather armour (worn)
Scrolls
 c - 2 scrolls of blinking
Potions
 e - a potion of curing
 g - a potion of heal wounds
 i - 2 potions of magic
 j - a potion of berserk rage
Books
 b - a book of Spatial Translocations

   Spells                             Type                      Level
   a - Blink                          Translocation                2
   b - Shroud of Golubria             Charms/Translocation         2
   c - Lesser Beckoning               Translocation                3
   d - Gell's Gravitas                Translocation                3
   e - Teleport Other                 Translocation                3
   f - Passage of Golubria            Translocation                4
Comestibles
 f - a ration


   Skills:
 O Level 27 Fighting
 O Level 27 Axes
 O Level 27 Throwing
 O Level 27 Armour
 O Level 27 Dodging
 O Level 27 Stealth
 O Level 27 Unarmed Combat
 O Level 27 Spellcasting
   Level 2.6 Translocations
 O Level 27 Invocations


You had 80 spell levels left.
You didn't know any spells.

Dungeon Overview and Level Annotations

Branches:
Dungeon (1/1)

Altars:
Makhleb


Innate Abilities, Weirdness & Mutations

Your body is rotting away.
You thrive on raw meat.
You are immune to poison.
You have sharp fingernails.
You are carnivorous and can eat meat at any time.
Your flesh is cold resistant. (rC+)
You are immune to negative energy. (rN+++)
You do not regenerate when monsters are visible.
You are immune to unholy pain and torment.
You can survive without breathing.


Message History

The destroyer is engulfed in freezing vapours.
A bag of meat comes into view. It is wielding a +9 war axe.
The bag of meat shouts!
You slash the destroyer! You chop the destroyer into pieces.
You destroy the destroyer!
Makhleb accepts your kill.
You feel better.
You slash the bag of meat!
You slaughter the bag of meat joyfully.
You kill the bag of meat!
Makhleb accepts your kill.
You hear a shout! x2
The fleshlord is engulfed in freezing vapours.
The bag of meat is engulfed in freezing vapours.
You hear a shout!
The scourge is engulfed in poison gas.
The scourge is poisoned.
The scourge breathes poison at you. The blast of poison engulfs you!
You resist.
The fleshlord is poisoned.
The fleshlord hits you with a +9 great mace!!!!!!
Ouch! That really hurt!
You die...

.. .%..
.......%.. ....
...# . #... ...#
. ..###§§§
.S.###..
..%.§§§##§%...o.
...%Voop§)......
#)§p§§# #§§@§§#
#)§§§.#
...z§.._X%)....
......###......
..###.. ...###..
. #.. ...# . #..
...# ..X .....
.. ..


You could see a destroyer, a scourge, 2 fleshlords, a sculptor of flesh, a large
abomination and 3 bags of meat.

Vanquished Creatures
  4 hell knights (D)
  Sigmund (D)
  8 hell beasts (D)
  9 greater mummies (D)
  7 great orbs of eyes (D)
  8 wraiths (D)
  19 vampire knights (D)
  35 ogres (D)
  5 two-headed ogres (D)
  6 liches (D)
  6 hydras (D)
  82 orcs (D)
  A phantom (D)
  5 skeletal warriors (D)
  5 sea snakes (D)
  10 large abominations (D)
  4 small abominations (D)
  16 crawling corpses (D)
231 creatures vanquished.

Vanquished Creatures (collateral kills)
  An orc (D)
  2 crawling corpses (D)
3 creatures vanquished.

Vanquished Creatures (others)
  5 crawling corpses (D)
5 creatures vanquished.

Grand Total: 239 creatures vanquished

Notes
Turn   | Place    | Note
-------+----------+-------------------------------------------
     0 | D        | Found the +∞ Axe of Woe
     0 | D        | doot the Ghoul Warper began the quest for the Orb.
     0 | D        | Reached XP level 1. HP: 17/17 MP: 2/2
     3 | D        | Noticed a bag of meat
     3 | D        | Noticed a bag of meat
     3 | D        | Noticed a bag of meat
     4 | D        | Became a worshipper of Makhleb the Destroyer
     5 | D        | Noticed a bag of meat
     5 | D        | Killed a bag of meat
     5 | D        | Reached XP level 2. HP: 47/47 MP: 2/15
     5 | D        | Reached XP level 3. HP: 53/53 MP: 2/17
     5 | D        | Reached XP level 4. HP: 61/61 MP: 2/18
     5 | D        | Reached XP level 5. HP: 68/68 MP: 2/20
     5 | D        | Reached XP level 6. HP: 75/75 MP: 2/21
     5 | D        | Reached XP level 7. HP: 82/82 MP: 2/23
     5 | D        | Reached XP level 8. HP: 90/90 MP: 2/24
     5 | D        | Reached XP level 9. HP: 96/96 MP: 2/25
     5 | D        | Reached XP level 10. HP: 104/104 MP: 2/26
     5 | D        | Reached XP level 11. HP: 111/111 MP: 2/27
     5 | D        | Reached XP level 12. HP: 118/118 MP: 2/28
     6 | D        | Noticed a bag of meat
     6 | D        | Noticed a bag of meat
     7 | D        | Noticed a meat berserker
     7 | D        | Noticed a meat berserker
     7 | D        | Noticed a meat berserker
     8 | D        | Noticed a meat berserker
     8 | D        | Killed a bag of meat
     8 | D        | Reached * piety under Makhleb
     8 | D        | Reached skill level 5 in Throwing
     8 | D        | Reached skill level 5 in Armour
     8 | D        | Reached skill level 15 in Spellcasting
     8 | D        | Reached XP level 13. HP: 130/130 MP: 2/31
     8 | D        | Killed a bag of meat
     8 | D        | Reached XP level 14. HP: 143/143 MP: 2/33
     9 | D        | Noticed a bag of meat
     9 | D        | Noticed a meat berserker
     9 | D        | Killed a bag of meat
     9 | D        | Reached skill level 15 in Dodging
     9 | D        | Killed a meat berserker
     9 | D        | Reached ** piety under Makhleb
     9 | D        | Reached XP level 15. HP: 158/158 MP: 3/37
    10 | D        | Killed a meat berserker
    10 | D        | Reached XP level 16. HP: 171/171 MP: 3/39
    10 | D        | Killed a meat berserker
    10 | D        | Reached skill level 15 in Axes
    10 | D        | Reached skill level 10 in Armour
    10 | D        | Reached XP level 17. HP: 183/183 MP: 3/41
    10 | D        | Reached *** piety under Makhleb
    11 | D        | Noticed a meat berserker
    11 | D        | Killed a meat berserker
    11 | D        | Reached XP level 18. HP: 136/198 MP: 4/43
    11 | D        | Killed a meat berserker
    11 | D        | Reached skill level 27 in Fighting
    11 | D        | Reached skill level 10 in Throwing
    12 | D        | Reached **** piety under Makhleb
    12 | D        | Killed a meat berserker
    12 | D        | Reached skill level 27 in Unarmed Combat
    12 | D        | Reached XP level 19. HP: 207/207 MP: 4/47
    13 | D        | Reached ***** piety under Makhleb
    17 | D        | Noticed a meat berserker
    19 | D        | Noticed a meat berserker
    21 | D        | Killed a meat berserker
    21 | D        | Reached skill level 27 in Axes
    21 | D        | Reached skill level 27 in Spellcasting
    21 | D        | Reached XP level 20. HP: 216/216 MP: 7/50
    23 | D        | Noticed a large bag of meat
    23 | D        | Noticed a large bag of meat
    24 | D        | Killed a meat berserker
    24 | D        | Reached skill level 15 in Throwing
    24 | D        | Reached skill level 27 in Dodging
    26 | D        | Killed a large bag of meat
    26 | D        | Reached XP level 21. HP: 180/224 MP: 8/51
    29 | D        | Noticed a destroyer
    29 | D        | Noticed an eight-headed meat hydra
    29 | D        | Noticed a large bag of meat
    30 | D        | Noticed a meat berserker
    30 | D        | Noticed a destroyer
    30 | D        | Killed a large bag of meat
    30 | D        | Reached ****** piety under Makhleb
    30 | D        | Reached skill level 27 in Armour
    30 | D        | Killed a destroyer
    30 | D        | Reached skill level 27 in Throwing
    30 | D        | Reached XP level 22. HP: 197/233 MP: 9/52
    32 | D        | Noticed a destroyer
    34 | D        | Reached XP level 23. HP: 228/240 MP: 10/53
    34 | D        | Killed a large bag of meat
    34 | D        | Reached skill level 27 in Stealth
    34 | D        | Reached skill level 27 in Invocations
    36 | D        | Noticed a destroyer
    39 | D        | Reached XP level 24. HP: 249/249 MP: 11/53
    41 | D        | Killed a destroyer
    42 | D        | Killed a destroyer
    42 | D        | Reached XP level 25. HP: 257/257 MP: 12/53
    50 | D        | Noticed a destroyer
    51 | D        | Reached XP level 26. HP: 266/266 MP: 15/53
    51 | D        | Noticed a tyrant
    52 | D        | Noticed an accursed
    55 | D        | Noticed a tyrant
    57 | D        | Killed a tyrant
    57 | D        | Reached XP level 27. HP: 273/273 MP: 16/53
    58 | D        | Noticed an accursed
    58 | D        | Killed a destroyer
    60 | D        | Noticed a dread
    62 | D        | Noticed a large bag of meat
    62 | D        | Noticed a destroyer
    63 | D        | Noticed a meat beast
    63 | D        | Noticed an accursed
    63 | D        | Killed a destroyer
    64 | D        | Killed a meat beast
    66 | D        | Noticed a dread
    66 | D        | Noticed an accursed
    67 | D        | Killed a tyrant
    68 | D        | Noticed a tyrant
    68 | D        | Noticed an accursed
    68 | D        | Noticed a tyrant
    68 | D        | Noticed an accursed
    69 | D        | Noticed a tyrant
    69 | D        | Killed an accursed
    70 | D        | Noticed a destroyer
    70 | D        | Killed a dread
    71 | D        | Killed an accursed
    71 | D        | Noticed a meat beast
    73 | D        | Killed a destroyer
    73 | D        | Killed a dread
    74 | D        | Killed a meat beast
    76 | D        | Killed an accursed
    77 | D        | Killed a large bag of meat
    78 | D        | Killed an accursed
    79 | D        | Noticed a meat beast
    79 | D        | Killed a tyrant
    80 | D        | Killed an accursed
    81 | D        | Killed a meat beast
    81 | D        | Killed an accursed
    82 | D        | Noticed a meat beast
    82 | D        | Noticed a large bag of meat
    82 | D        | Killed a tyrant
    82 | D        | Killed a destroyer
    83 | D        | Noticed a meat beast
    84 | D        | Noticed The Captor
    85 | D        | Noticed a destroyer
    85 | D        | Killed a meat beast
    86 | D        | Noticed an accursed
    86 | D        | Killed a meat beast
    88 | D        | Noticed a meat beast
    88 | D        | Noticed a destroyer
    89 | D        | Noticed a tyrant
    90 | D        | Noticed a destroyer
    91 | D        | Noticed a destroyer
    91 | D        | Noticed a dread
    94 | D        | Noticed an accursed
    94 | D        | Killed a large bag of meat
    94 | D        | Killed a meat beast
    94 | D        | Killed a destroyer
    94 | D        | Killed The Captor
    95 | D        | Noticed a destroyer
    96 | D        | Killed a tyrant
    96 | D        | Killed a destroyer
    96 | D        | Noticed a destroyer
    99 | D        | Noticed a dread
    99 | D        | Killed a tyrant
   101 | D        | Killed a destroyer
   101 | D        | Killed a destroyer
   104 | D        | Noticed an accursed
   105 | D        | Killed a dread
   105 | D        | Killed a destroyer
   105 | D        | Noticed a destroyer
   107 | D        | Killed an accursed
   109 | D        | Noticed a dread
   109 | D        | Noticed a dread
   109 | D        | Killed a dread
   109 | D        | Killed a destroyer
   111 | D        | Noticed a destroyer
   114 | D        | Killed a destroyer
   114 | D        | Killed a dread
   116 | D        | Killed an accursed
   117 | D        | Noticed a dread
   117 | D        | Killed a dread
   118 | D        | Killed a destroyer
   121 | D        | Noticed a fleshlord
   121 | D        | Killed an accursed
   121 | D        | Killed a dread
   123 | D        | Noticed a meat beast
   124 | D        | Killed a fleshlord
   131 | D        | Noticed a fleshlord
   134 | D        | Noticed a fleshlord
   134 | D        | Noticed a meat beast
   134 | D        | Noticed a destroyer
   136 | D        | Noticed a fleshlord
   138 | D        | Noticed a fleshlord
   138 | D        | Killed a fleshlord
   138 | D        | Killed a destroyer
   138 | D        | Killed a meat beast
   139 | D        | Noticed a dread
   139 | D        | Noticed a destroyer
   141 | D        | Killed a fleshlord
   142 | D        | Killed a destroyer
   143 | D        | Killed a fleshlord
   144 | D        | Noticed a destroyer
   145 | D        | Noticed a meat beast
   145 | D        | Killed a destroyer
   146 | D        | Noticed a destroyer
   146 | D        | Noticed a fleshlord
   147 | D        | Noticed a destroyer
   147 | D        | Killed a dread
   147 | D        | Killed a meat beast
   149 | D        | Killed a destroyer
   149 | D        | Annihilated by a fleshlord

Skill      XL: |  1  2  3  4  5  6  7  8  9 10 11 12 13 14 15 16 17 18 19 20 21 22 23 |
---------------+----------------------------------------------------------------------+-----
Fighting       | 14 16 18 21 22 24 26 27 | 27.0
Axes           | 4 6 7 11 13 15 17 22 27 | 27.0
Throwing       | 4 5 6 7 8 9 11 13 17 27 | 27.0
Armour         | 4 5 6 8 9 10 11 13 16 23 27 | 27.0
Dodging        | 12 13 14 17 18 19 20 22 25 27 | 27.0
Unarmed Combat | 14 16 18 21 22 23 25 27 | 27.0
Spellcasting   | 13 15 16 19 20 21 22 25 27 | 27.0
Stealth        | 24 27 | 27.0
Invocations    | 22 27 | 27.0
Translocations | |  2.6

Action                   |  1- 3 |  4- 6 |  7- 9 | 10-12 | 13-15 | 16-18 | 19-21 | 22-24 | 25-27 || total
-------------------------+-------+-------+-------+-------+-------+-------+-------+-------+-------++-------
Melee: Executioner's axe |     1 |       |       |     1 |     2 |     2 |     7 |     8 |    81 ||   102
Invok: Greater Servant o |       |       |       |       |       |       |       |       |    13 ||    13
  Use: Potion            |       |       |       |       |       |       |       |       |     1 ||     1
Armor: Leather armour    |       |       |       |       |       |       |       |       |     1 ||     1
Dodge: Dodged            |       |       |       |       |       |       |       |     1 |    27 ||    28
